 Dungeon Crawl Stone Soup version 0.22-a0-247-gbddf880757 (webtiles) character file.

639 Peterchen the Cleaver (level 7, 0/57 HPs)
             Began as a Minotaur Berserker on Feb 24, 2018.
             Was a Priest of Trog.
             Slain by RedPan's ghost (7 damage)
             ... on level 4 of the Dungeon.
             The game lasted 00:08:46 (2918 turns).

Peterchen the Cleaver (Minotaur Berserker)          Turns: 2918, Time: 00:08:47

Health: 0/57       AC:  8    Str: 23    XL:     7   Next: 26%
Magic:  6/6        EV:  8    Int:  4    God:    Trog [***...]
Gold:   128        SH:  0    Dex: 10    Spells: 6/6 levels left

rFire    . . .     SeeInvis .   a - +0 hand axe
rCold    . . .     Gourm    .   (no shield)
rNeg     . . .     Faith    .   i - +0 chain mail
rPois    .         Spirit   .   (helmet restricted)
rElec    .         Reflect  .   (no cloak)
rCorr    .         Harm     .   (no gloves)
MR       ++...                  (no boots)
Stlth    ..........             (no amulet)
HPRegen  1.19/turn              k - ring of flight
MPRegen  0.10/turn              (no ring)

@: berserk cooldown, starving, regenerating, slowed, very slow
A: retaliatory headbutt, horns 2
a: Berserk, Trog's Hand, Renounce Religion, Evoke Flight


You were on level 4 of the Dungeon.
You worshipped Trog.
Trog was most pleased with you.
You were starving.

You visited 1 branch of the dungeon, and saw 5 of its levels.

You collected 128 gold pieces.

Inventory:

Hand Weapons
 a - a +0 hand axe (weapon)
Armour
 i - a +0 chain mail (worn)
Jewellery
 k - a ring of flight (left hand)
Wands
 d - a wand of digging (13)
Scrolls
 e - 4 scrolls of remove curse
 j - a scroll of enchant armour
 m - 4 scrolls of enchant weapon
 o - a scroll of amnesia
 q - a scroll of immolation {unknown}
 r - 4 scrolls of identify
Potions
 b - 2 potions of heal wounds {unknown}
 f - a potion of agility
 g - a potion of lignification {unknown}
 l - a potion of curing {unknown}
 n - a potion of mutation {unknown}
 p - 2 potions of berserk rage {unknown}
 s - a potion of flight {unknown}
Comestibles
 c - 10 rations
 t - 3 chunks of flesh


   Skills:
 - Level 3.6 Fighting
 * Level 10.1 Axes
 - Level 2.4 Armour
 - Level 2.1 Dodging


You had 6 spell levels left.
You didn't know any spells.

Dungeon Overview and Level Annotations

Branches:
Dungeon (5/15)
 Temple: D:4-7

Altars:
Fedhas
Hepliaklqana
Vehumet
Wu Jian
Yredelemnul

Annotations:
D:2 exclusion: oklob plant
D:4 RedPan's ghost, amateur DsMo
D:5 Eustachio


Innate Abilities, Weirdness & Mutations

You reflexively headbutt those who attack you in melee.
You have a pair of horns on your head.


Message History

RedPan's ghost hits you but does no damage.
You miss RedPan's ghost. Your headbutt misses RedPan's ghost.
RedPan's ghost is almost destroyed.
RedPan's ghost barely misses you.
You hit RedPan's ghost but do no damage.
Your headbutt misses RedPan's ghost.
RedPan's ghost is almost destroyed.
RedPan's ghost hits you but does no damage.
RedPan's ghost hits you!
* * * LOW HITPOINT WARNING * * *
You closely miss RedPan's ghost.
RedPan's ghost is almost destroyed.
RedPan's ghost hits you.
* * * LOW HITPOINT WARNING * * *
You're still recovering from your berserk rage.
Your skin crawls.
You feel resistant to hostile enchantments.
You are starving!
RedPan's ghost hits you!
You die...

...............................##
......##+################......#
......# (..............#......#
......# (..............#......##
......+ ...........)...#........
......# ....(..........#........
......# ...............#..<.....
......#+#####..W.##...###........
######......#..†@##...#.........#
#......#....#....#.........#
#......#....#....#...(.....#
#......#....#....#.........#
#......#....#....#.........#
#......#....#....#.........#
#(.....##...###..#.........#
(###+####...####'##.........
#....#.........


You could see RedPan's ghost.

Vanquished Creatures
  Blork the orc (D:4)
  A crimson imp (D:4)
  A hound (D:2)
  4 orc priests
  An orc wizard (D:4)
  2 centaur skeletons (D:4)
  Terence (D:3)
  An iguana (D:5)
  A worker ant (D:4)
  Robin (D:4)
  4 gnolls (D:2)
  8 adders
  An ooze (D:2)
  A worm (D:2)
  2 dart slugs
  3 leopard geckos
  6 orcs
  12 bats
  2 giant cockroaches
  2 gnoll zombies (D:4)
  16 goblins
  6 hobgoblins
  13 jackals
  A quokka (D:3)
  5 frilled lizards
  9 kobolds
  7 rats
112 creatures vanquished.

Notes
Turn   | Place    | Note
-------+----------+-------------------------------------------
     0 | D:1      | Peterchen the Minotaur Berserker began the quest for the Orb.
     0 | D:1      | Reached XP level 1. HP: 19/19 MP: 0/0
    87 | D:1      | Reached skill level 4 in Axes
    90 | D:1      | Reached XP level 2. HP: 18/26 MP: 1/1
   186 | D:1      | Reached ** piety under Trog
   297 | D:1      | Reached skill level 5 in Axes
   332 | D:1      | Reached XP level 3. HP: 31/31 MP: 2/2
   495 | D:2      | Reached skill level 6 in Axes
   495 | D:2      | Reached XP level 4. HP: 39/39 MP: 3/3
   659 | D:2      | Reached skill level 7 in Axes
   659 | D:2      | Reached XP level 5. HP: 25/45 MP: 4/4
   660 | D:2      | Reached *** piety under Trog
   886 | D:2      | Reached skill level 8 in Axes
  1109 | D:2      | Found a blossoming altar of Fedhas.
  1132 | D:2      | Noticed an oklob plant
  1329 | D:3      | Reached XP level 6. HP: 46/51 MP: 5/5
  1357 | D:3      | Found a radiant altar of Vehumet.
  1682 | D:3      | Noticed Terence
  1688 | D:3      | Killed Terence
  1763 | D:3      | Found an ornate altar of the Wu Jian Council.
  2084 | D:4      | Noticed RedPan's ghost (amateur DsMo)
  2121 | D:5      | Entered Level 5 of the Dungeon
  2135 | D:5      | Reached skill level 9 in Axes
  2297 | D:5      | Noticed Eustachio
  2367 | D:4      | Noticed Blork the orc
  2378 | D:4      | Killed Blork the orc
  2378 | D:4      | Reached XP level 7. HP: 12/57 MP: 6/6
  2638 | D:4      | Found a hazy altar of Hepliaklqana.
  2697 | D:4      | Noticed Robin
  2717 | D:4      | Killed Robin
  2717 | D:4      | Reached skill level 10 in Axes
  2799 | D:4      | Found a basalt altar of Yredelemnul.
  2918 | D:4      | Slain by RedPan's ghost

Vault maps used:
D:1:      minmay_arrival_shattered_statue
D:2:      tgw_fedhas
D:3:      vehumet_crystals, lemuel_round_altar, uniq_terence
D:4:      lemuel_zombie_altar_yredelemnul, kennysheep_little_box, first_ration,
          uniq_robin, uniq_blork_the_orc
D:5:      grunt_temple_overflow_champion_of_chaos, serial_park_tiny_1,
          st_stairs_6, minmay_misc_feat_doors, uniq_sigmund,
          uniq_crazy_yiuf_cottage, uniq_eustachio, uniq_edmund, uniq_duvessa

Skill      XL: |  1  2  3  4  5  6  7 |
---------------+----------------------+-----
Axes           | 4 5 6 7 8 9 10 | 10.1
Fighting       | |  3.6
Armour         | |  2.4
Dodging        | |  2.1

Action                   |  1- 3 |  4- 6 |  7- 9 || total
-------------------------+-------+-------+-------++-------
Melee: Hand axe          |    57 |   184 |    72 ||   313
       Headbutt          |     7 |    24 |     6 ||    37
Throw: Javelin           |       |     7 |     4 ||    11
Invok: Berserk           |     1 |     4 |     2 ||     7
       Trog's Hand       |       |     1 |     1 ||     2
  Use: Scroll            |       |     4 |       ||     4
 Stab: Sleeping          |     1 |       |       ||     1
  Eat: Chunk             |       |    10 |     2 ||    12
Armor: Animal skin       |    10 |       |       ||    10
       Chain mail        |     3 |    84 |    21 ||   108
Dodge: Dodged            |    48 |    63 |    17 ||   128

Table legend:
 A = Spawn XP
 B = Non-spawn XP
 C = Spawn XP percentage of total XP
 D = Spawn monster count
 E = Non-spawn monster count
 F = Spawn count percentage of total count
 G = Total turns spent on level
                    A         B        C        D         E        F      G
               +---------+---------+-------+---------+---------+-------+---------
         Total |       0 |     914 |   0.0 |       0 |     112 |   0.0 |  2918
               +---------+---------+-------+---------+---------+-------+---------
           D:1 |       0 |      47 |   0.0 |       0 |      30 |   0.0 |   480
           D:2 |       0 |     327 |   0.0 |       0 |      37 |   0.0 |   749
           D:3 |       0 |     100 |   0.0 |       0 |      17 |   0.0 |   739
           D:4 |       0 |     405 |   0.0 |       0 |      27 |   0.0 |   767
           D:5 |       0 |      35 |   0.0 |       0 |       1 |   0.0 |   183
               +---------+---------+-------+---------+---------+-------+---------
